 Dungeon Crawl Stone Soup version 0.13-a0-2398-gfa67c8a (webtiles) character file.

183 NecroSith the Cudgeler (level 4, -5/34 HPs)
             Began as a Demonspawn Chaos Knight on July 15, 2013.
             Was a Plaything of Xom.
             Slain by a ynoxinul (8 damage)
             ... summoned by Xom
             ... on Level 2 of the Dungeon.
             The game lasted 00:12:53 (1571 turns).

NecroSith the Cudgeler (Demonspawn Chaos Knight)    Turns: 1571, Time: 00:12:53

HP  -5/34        AC  6     Str 13      XL: 4   Next: 29%
MP   4/4         EV  8     Int 14      God: Xom
Gold 95          SH  0     Dex 12      Spells:  0 memorised,  3 levels left

Res.Fire  : . . .   See Invis. : .   a - +0 mace (chaos)
Res.Cold  : . . .   Warding    : .   k - +0 elf scale mail
Life Prot.: . . .   Conserve   : .   (no shield)
Res.Poison: .       Res.Corr.  : .   (helmet restricted)
Res.Elec. : .       Clarity    : .   (no cloak)
Sust.Abil.: . .     Spirit.Shd : .   (no gloves)
Res.Mut.  : .       Stasis     : .   (no boots)
Res.Rott. : .       Flight     : .   (no amulet)
Saprovore : . . .                    (no ring)
                                     (no ring)

@: slightly resistant to hostile enchantments, extremely unstealthy
A: antennae 1, powered by death 1
a: Renounce Religion


You were on level 2 of the Dungeon.
You worshipped Xom.
You were a special plaything of Xom.
You were not hungry.

You visited 1 branch of the dungeon, and saw 2 of its levels.

You collected 75 gold pieces.

Inventory:

Hand weapons
 a - a +0,+0 mace of chaos (weapon)
Armour
 k - a +0 elven scale mail (worn)
Comestibles
 b - a pear
 c - 2 bread rations
 d - a chunk of bat flesh
 f - 2 meat rations
 g - 3 chunks of hobgoblin flesh
 h - 2 chunks of hobgoblin flesh
Scrolls
 e - a scroll of teleportation
Jewellery
 j - an uncursed ring of see invisible {unknown}
Potions
 i - a potion of curing


   Skills:
 + Level 3.5 Fighting
 + Level 3.5 Maces & Flails
 + Level 2.0 Armour
 + Level 2.2 Dodging


You had 3 spell levels left.
You didn't know any spells.

Dungeon Overview and Level Annotations

Branches:
Dungeon (2/27)

Altars:


Innate Abilities, Weirdness & Mutations

You have a pair of small antennae on your head.
You can steal the life force of nearby defeated enemies.


Message History

You feel less regenerative.
A ynoxinul comes into view. "Let's see if it's strong enough to survive yet."
You miss the quasit. The quasit bites you.
The quasit claws you but does no damage.
The quasit barely misses you.
You hit the quasit.
The quasit is lightly wounded.
The quasit bites you but does no damage.
The quasit barely misses you. The ynoxinul gestures at you.
The iron shot hits you!
Ouch! That really hurt!
* * * LOW HITPOINT WARNING * * *
The quasit barely misses you. The quasit completely misses you.
The quasit claws you but does no damage.
A dart shoots out and hits you!
* * * LOW HITPOINT WARNING * * *
The ynoxinul hits you!
You die...

#........#.....#
#........#.....#
#........#.....#
#........#.....##
#........#......#
#........#......#
#........###....#
#........# #....#
########## #...@#
#..35# ######....#####
##..............
#######..###.)###.####
........##)##)........
###.........#.###.####
#..###....##.###.#
#.##......#......#


You could see a ynoxinul and a quasit.

Vanquished Creatures
  Jessica (D:2)
  2 adders (D:2)
  A giant gecko (D:1)
  11 bats
  A giant cockroach (D:2)
  5 goblins
  11 hobgoblins
  5 jackals (D:1)
  A kobold (D:2)
  A quokka (D:2)
  3 giant newts
  4 rats
46 creatures vanquished.

Vanquished Creatures (collateral kills)
  A giant newt (D:2)
  A rat (D:2)
2 creatures vanquished.

Vanquished Creatures (others)
  A kobold (D:2)
1 creature vanquished.

Grand Total: 49 creatures vanquished

Notes
Turn   | Place    | Note
--------------------------------------------------------------
     0 | D:1      | NecroSith, the Demonspawn Chaos Knight, began the quest for the Orb.
     0 | D:1      | Reached XP level 1. HP: 16/16 MP: 1/1
    11 | D:1      | XOM: silly message
    30 | D:1      | XOM: harmless Necr miscast
   109 | D:1      | XOM: colour smoke trail
   293 | D:1      | XOM: colour smoke trail
   340 | D:1      | Reached skill level 1 in Dodging
   446 | D:1      | Gained mutation: You have a pair of small antennae on your head. [demonic ancestry]
   446 | D:1      | Reached XP level 2. HP: 22/22 MP: 2/2
   523 | D:1      | XOM: vitrification
   953 | D:1      | Gained mutation: You can steal the life force of nearby defeated enemies. [demonic ancestry]
   953 | D:1      | Reached XP level 3. HP: 26/28 MP: 3/3
   977 | D:2      | Noticed Jessica
   989 | D:2      | XOM: summons friendly shadow imp
   991 | D:2      | Killed Jessica
  1129 | D:2      | XOM: silly message
  1255 | D:2      | Reached XP level 4. HP: 17/34 MP: 4/4
  1568 | D:2      | XOM: summons 2 hostile demons
  1569 | D:2      | Noticed a ynoxinul
  1571 | D:2      | Slain by a ynoxinul

Action                   |  1- 3 |  4- 6 || total
-------------------------+-------+-------++-------
Melee: Mace              |   119 |    29 ||   148
  Use: Scroll            |     2 |     2 ||     4
       Potion            |     2 |       ||     2
 Stab: Paralysed         |     1 |       ||     1
